 Dungeon Crawl Stone Soup version 0.23.2-40-g277498a001 (webtiles) character file.

Game seed: 17271392104567614220

6385 MisterOstroum the Thaumaturge (level 10, -11/65 HPs)
             Began as a Gargoyle Earth Elementalist on Sept 13, 2019.
             Was a High Priest of Zin.
             Mangled by a komodo dragon (17 damage)
             ... on level 1 of the Lair of Beasts.
             The game lasted 00:27:48 (10192 turns).

MisterOstroum the Thaumaturge (GrEE)               Turns: 10192, Time: 00:27:49

Health: -11/65     AC: 21    Str: 13    XL:     10   Next: 97%
Magic:  16/32      EV: 10    Int: 18    God:    Zin [*****.]
Gold:   390        SH:  0    Dex: 10    Spells: 23/27 levels left

rFire    . . .     SeeInvis .   H - +1 flail (protect)
rCold    . . .     Gourm    .   (no shield)
rNeg     + . .     Faith    .   R - +0 ring mail
rPois    ∞         Spirit   .   n - +2 hat
rElec    +         Reflect  .   i - +0 cloak
rCorr    .         Harm     .   L - +0 pair of gloves
MR       .....                  J - +0 pair of boots (curse)
Stlth    +.........             v - amulet of magic regeneration
HPRegen  0.20/turn              I - +3 ring of protection
MPRegen  0.48/turn              z - ring of magical power

@: no status effects
A: negative energy resistance 1, electricity resistance, unbreathing,
petrification resistance, rot immunity, AC +7
a: Recite, Vitalisation, Imprison, Sanctuary, Donate Gold, Renounce Religion


You were on level 1 of the Lair of Beasts.
You worshipped Zin.
Zin was extremely pleased with you.
You were near starving.

You visited 3 branches of the dungeon, and saw 10 of its levels.
You also visited: Ossuary.

You collected 433 gold pieces.
You donated 43 gold pieces to Zin.

Inventory:

Hand Weapons
 H - a +1 flail of protection (weapon)
Missiles
 b - 126 stones (quivered)
 h - 4 tomahawks
 u - 8 javelins
Armour
 c - a +0 robe
 i - a +0 cloak (worn)
 n - a +2 hat (worn)
 J - a cursed +0 pair of boots (worn)
 L - a +0 pair of gloves (worn)
 M - a +0 leather armour
 R - a +0 ring mail (worn)
Jewellery
 t - an uncursed ring of protection from cold
 v - an amulet of magic regeneration (around neck)
 x - an uncursed amulet of the acrobat
 z - a ring of magical power (right hand)
 I - a +3 ring of protection (left hand)
 P - a +5 ring of dexterity
Wands
 q - a wand of random effects (17)
 B - a wand of digging (6)
 N - a wand of paralysis (5)
Scrolls
 d - 4 scrolls of amnesia
 f - 3 scrolls of noise
 k - 7 scrolls of remove curse {unknown}
 l - 2 scrolls of enchant armour
 y - a scroll of magic mapping {unknown}
 C - 5 scrolls of teleportation {@r3 !r}
 K - a scroll of random uselessness
 O - 3 scrolls of identify {@r1}
Potions
 a - 2 potions of curing
 g - 2 potions of berserk rage {unknown}
 j - 4 potions of might {@q3 !q}
 m - a potion of haste {unknown}
 p - a potion of resistance {unknown}
 r - a potion of brilliance
 s - 3 potions of cancellation {unknown}
 w - 2 potions of degeneration {unknown}
 A - a potion of mutation {unknown}
 D - a potion of heal wounds {unknown}
 E - 2 potions of flight {unknown}
 F - a potion of agility {unknown}
 G - 2 potions of ambrosia
 Q - 2 potions of lignification {unknown}
Comestibles
 e - 10 rations


   Skills:
 + Level 8.6 Fighting
 + Level 4.2 Armour
 - Level 1.5 Dodging
 - Level 2.1 Stealth
 - Level 9.0 Spellcasting
 - Level 8.0 Conjurations
   Level 0.7 Transmutations
 - Level 8.2 Earth Magic
 - Level 2.1 Invocations


You had 23 spell levels left.
You knew the following spells:

 Your Spells              Type           Power        Failure   Level  Hunger
a - Sandblast             Erth           #####.       1%          1    None
b - Stone Arrow           Conj/Erth      #####.       1%          3    None

Your spell library contained the following spells:

 Spells                   Type           Power        Failure   Level  Hunger
 Passwall                 Tmut/Erth      ###.....     4%          2    None
 Dazzling Spray           Conj/Hex       ###...       11%         3    None
 Lee's Rapid Deconstruct  Erth           #####.....   17%         5    #####..
 Corona                   Hex            #......      19%         1    None
 Ensorcelled Hibernation  Hex/Ice        #.....       26%         2    None
 Petrify                  Tmut/Erth      ###.....     28%         4    ###....
 Confuse                  Hex            #.......     47%         3    None
 Tukima's Dance           Hex            #.......     47%         3    None


Dungeon Overview and Level Annotations

Branches:
Dungeon (8/15)             Temple (1/1) D:4            Lair (1/6) D:8

Altars:
Ashenzari
Cheibriados
Dithmenos
Fedhas
Gozag
Hepliaklqana
Kikubaaqudgha
Nemelex Xobeh
Okawaru
Qazlal
Ru
Trog
Uskayaw
Vehumet
Wu Jian
Xom
Yredelemnul
Zin
The Shining One


Innate Abilities, Weirdness & Mutations

You are resistant to torment.
Your stone body is resilient. (AC +7)
You are immune to poison.
You resist negative energy. (rN+)
You are resistant to electric shocks. (rElec)
You can survive without breathing.
You are immune to petrification.
You are immune to rotting.


Message History

You're wearing all the rings you can.
Remove which one? (? for menu, Esc to cancel) < or
P - a +5 ring of dexterity; > or
z - a ring of magical power You remove your +5 ring of dexterity.
You feel clumsy.
I - a +3 ring of protection (left hand)
Your amulet attunes itself to your body and you begin to regenerate magic more quickly.
You are near starving!
The centaur warrior is too close now for your liking.
A centaur warrior is nearby!
A centaur warrior is nearby!
The centaur warrior shouts!
The centaur warrior shoots an arrow.
The arrow hits you!
You climb downwards.
Welcome to the Lair of Beasts!
You feel an oppressive heat about you.
There is an entrance to a volcano on this level.
Hurry and find it before the entrance collapses! 2 komodo dragons come into view.
The komodo dragon hisses angrily.
Found a scroll of enchant armour and an iron wand.
There is a staircase back to the Dungeon here.
Unknown command.
Unknown command.
Casting: Stone Arrow (safe; 1% risk of failure)
Confirm with . or Enter, or press ? or * to list all spells.
Aiming: Stone Arrow (safe; 1% risk of failure)
Press: ? - help, Shift-Dir - straight line, f - komodo dragon
Aim: a komodo dragon The stone arrow misses the komodo dragon.
The stone arrow hits the komodo dragon!
The komodo dragon is moderately wounded.
Casting: Stone Arrow (safe; 1% risk of failure)
Confirm with . or Enter, or press ? or * to list all spells.
Aiming: Stone Arrow (safe; 1% risk of failure)
Press: ? - help, Shift-Dir - straight line, f/p - komodo dragon
Aim: a komodo dragon The stone arrow misses the komodo dragon.
The stone arrow hits the komodo dragon!
The komodo dragon is heavily wounded.
The komodo dragon bites you.
Casting: Stone Arrow (safe; 1% risk of failure)
Confirm with . or Enter, or press ? or * to list all spells.
Aiming: Stone Arrow (safe; 1% risk of failure)
Press: ? - help, Shift-Dir - straight line, f/p - komodo dragon
Aim: a komodo dragon The stone arrow hits the komodo dragon!
The komodo dragon is moderately wounded.
The komodo dragon bites you!!
The komodo dragon completely misses you.
The komodo dragon enters a dispersal trap!
The komodo dragon blinks!
You blink.
The komodo dragon blinks!
The komodo dragon barely misses you.
The komodo dragon bites you but does no damage.
Casting: Stone Arrow (safe; 1% risk of failure)
Confirm with . or Enter, or press ? or * to list all spells.
Aiming: Stone Arrow (safe; 1% risk of failure)
Press: ? - help, Shift-Dir - straight line, f/p - komodo dragon
Aim: a komodo dragon (moderately wounded)
The stone arrow hits the komodo dragon!
The komodo dragon is heavily wounded.
The komodo dragon bites you!!
* * * LOW HITPOINT WARNING * * *
Casting: Stone Arrow (safe; 1% risk of failure)
Confirm with . or Enter, or press ? or * to list all spells.
Aiming: Stone Arrow (safe; 1% risk of failure)
Press: ? - help, Shift-Dir - straight line, f/p - komodo dragon
Aim: a komodo dragon (heavily wounded)
The stone arrow hits the komodo dragon!
The komodo dragon is severely wounded.
The komodo dragon bites you but does no damage.
Casting: Stone Arrow (safe; 1% risk of failure)
Confirm with . or Enter, or press ? or * to list all spells.
Aiming: Stone Arrow (safe; 1% risk of failure)
Press: ? - help, Shift-Dir - straight line, f/p - komodo dragon
Aim: a komodo dragon (severely wounded)
The stone arrow hits the komodo dragon!
You kill the komodo dragon!
Your Armour skill increases to level 4!
The komodo dragon bites you but does no damage.
It was a potion of curing.
You feel better. The komodo dragon barely misses you.
Casting: Stone Arrow (safe; 1% risk of failure)
Confirm with . or Enter, or press ? or * to list all spells.
Aiming: Stone Arrow (safe; 1% risk of failure)
Press: ? - help, Shift-Dir - straight line, f - komodo dragon
Aim: a komodo dragon (heavily wounded)
The stone arrow hits the komodo dragon.
The komodo dragon is severely wounded.
The komodo dragon bites you.
* * * LOW HITPOINT WARNING * * *
Casting: Stone Arrow (safe; 1% risk of failure)
Confirm with . or Enter, or press ? or * to list all spells.
Aiming: Stone Arrow (safe; 1% risk of failure)
Press: ? - help, Shift-Dir - straight line, f/p - komodo dragon
Aim: a komodo dragon (severely wounded)
The stone arrow hits the komodo dragon!
The komodo dragon is severely wounded.
The komodo dragon bites you!
* * * LOW HITPOINT WARNING * * *
You feel better. The komodo dragon bites you!
You die...

###+#P#####
##.........#
#P.^<......#
..?.+.........#
# #..../....+
#.........#
#.........#
##l........#
#@##########
###


You could see a komodo dragon.

Vanquished Creatures
  A centaur warrior (D:8)
  A cyclops (D:8)
  A komodo dragon (Lair:1)
  A hornet (D:8)
  2 hippogriffs
  A spriggan (D:8)
  A hungry ghost (D:7)
  Edmund (D:5)
  A water moccasin (D:8)
  3 orc warriors
  3 ice beasts
  2 phantoms
  2 sky beasts (D:5)
  A black bear (D:8)
  4 ogres
  2 centaurs
  2 bullfrogs (D:7)
  A water moccasin skeleton (D:7)
  11 scorpions
  4 wights
  2 electric eels (D:8)
  6 crimson imps
  A bullfrog zombie (D:8)
  4 centaur zombies
  4 jellies
  A quasit (D:6)
  2 bullfrog skeletons
  2 centaur skeletons
  3 human zombies (Ossuary)
  An orc priest (D:6)
  3 hounds
  7 orc wizards
  5 iguanas
  7 worker ants
  A big kobold zombie (Ossuary)
  3 mummies (Ossuary)
  A worker ant zombie (D:8)
  A hound skeleton (D:4)
  Robin (D:2)
  5 adders
  A scorpion zombie (Ossuary)
  A shadow imp (D:8)
  An adder zombie (D:8)
  An adder skeleton (D:6)
  4 worms
  2 dart slugs
  3 leopard geckos
  17 orcs
  5 giant cockroaches
  A gnoll zombie (Ossuary)
  18 goblins
  16 hobgoblins
  15 jackals
  7 kobolds
  4 quokkas
  4 ball pythons
  11 bats
  4 frilled lizards
  A goblin zombie (Ossuary)
  3 kobold zombies (Ossuary)
  A leopard gecko skeleton (D:4)
  2 orc zombies (Ossuary)
  A quokka skeleton (D:5)
  A quokka zombie (D:6)
  6 rats
  A rat zombie (D:8)
236 creatures vanquished.

Notes
Turn   | Place    | Note
-------+----------+-------------------------------------------
     0 | D:1      | MisterOstroum the Gargoyle Earth Elementalist began the
                  | quest for the Orb.
     0 | D:1      | Reached XP level 1. HP: 10/10 MP: 3/3
   230 | D:1      | Reached XP level 2. HP: 16/16 MP: 3/5
   234 | D:1      | Reached skill level 1 in Fighting
   881 | D:2      | Reached XP level 3. HP: 21/21 MP: 6/6
   886 | D:2      | Learned a level 3 spell: Stone Arrow
  1158 | D:2      | Reached skill level 1 in Conjurations
  1386 | D:2      | Noticed Robin
  1436 | D:2      | Reached XP level 4. HP: 21/26 MP: 2/7
  1458 | D:2      | Killed Robin
  2207 | D:2      | Found a faded altar of an unknown god.
  2220 | D:2      | Became a worshipper of Zin the Law-Giver
  2220 | D:2      | Reached * piety under Zin
  2257 | D:2      | Reached skill level 3 in Spellcasting
  2435 | D:2      | Reached XP level 5. HP: 31/31 MP: 5/9
  2816 | D:3      | You fall through a shaft for 2 floors!
  2816 | D:5      | Entered Level 5 of the Dungeon
  2817 | D:5      | Noticed Edmund
  2833 | D:5      | Noticed an ice beast
  2847 | D:5      | Killed an ice beast
  2854 | D:5      | Reached ** piety under Zin
  2874 | D:5      | Noticed a sky beast
  2922 | D:5      | Killed a sky beast
  2922 | D:5      | Reached XP level 6. HP: 37/37 MP: 2/10
  3209 | D:4      | Found a staircase to the Ecumenical Temple.
  3230 | Temple   | Entered the Ecumenical Temple
  3422 | D:4      | Noticed a phantom
  3468 | D:4      | Killed a phantom
  3468 | D:4      | Reached skill level 5 in Earth Magic
  3468 | D:4      | Reached XP level 7. HP: 30/43 MP: 1/11
  3668 | D:4      | Found a sparkling altar of Nemelex Xobeh.
  3707 | D:4      | Got a bloodstained robe
  3718 | D:4      | Identified the +1 robe of Uskayaw's Wrath {rElec rPois
                  | Dex-4} (You found it on level 4 of the Dungeon)
  3786 | D:4      | Reached skill level 5 in Conjurations
  4112 | D:4      | Found a hazy altar of Hepliaklqana.
  4211 | D:4      | Reached skill level 1 in Invocations
  4315 | D:4      | Reached *** piety under Zin
  5694 | D:5      | Found a basalt altar of Yredelemnul.
  5697 | D:5      | Reached skill level 5 in Fighting
  5697 | D:5      | Reached XP level 8. HP: 42/49 MP: 4/13
  5959 | D:5      | Reached skill level 4 in Spellcasting
  6078 | D:5      | Killed Edmund
  6149 | D:5      | Reached skill level 5 in Spellcasting
  6336 | D:6      | Found a sacrificial altar of Ru.
  6336 | D:6      | Found a hide-covered altar of Uskayaw.
  6345 | D:6      | Found a blossoming altar of Fedhas.
  6446 | D:6      | Reached **** piety under Zin
  6495 | D:6      | Found an ancient bone altar of Kikubaaqudgha.
  6806 | D:6      | Reached XP level 9. HP: 36/54 MP: 11/17
  7144 | D:6      | Reached skill level 6 in Spellcasting
  7296 | D:7      | Reached skill level 7 in Spellcasting
  7540 | D:7      | Found a glowing silver altar of Zin.
  7883 | D:8      | Found a radiant altar of Vehumet.
  8024 | D:8      | Reached skill level 8 in Spellcasting
  8032 | D:8      | Reached XP level 10. HP: 63/63 MP: 8/22
  8059 | D:8      | Found a sand-covered staircase.
  8088 | Ossuary  | Entered an ossuary
  8342 | Ossuary  | Reached ***** piety under Zin
  8794 | D:8      | Found a staircase to the Lair.
  8812 | D:8      | Reached skill level 9 in Spellcasting
  8831 | D:8      | Reached skill level 1 in Armour
  8946 | D:8      | Noticed a centaur warrior
  8947 | D:8      | Noticed a cyan ugly thing
  8950 | D:8      | Noticed a centaur warrior
  8955 | D:8      | Noticed a cyclops
  9799 | D:8      | Killed a centaur warrior
  9992 | D:8      | Killed a cyclops
 10174 | Lair:1   | Entered Level 1 of the Lair of Beasts
 10191 | Lair:1   | HP: 1/65 [komodo dragon (15)]
 10192 | Lair:1   | Mangled by a komodo dragon

Skill      XL: |  1  2  3  4  5  6  7  8  9 10 |
---------------+-------------------------------+-----
Earth Magic    | 4 5 6 7 8 |  8.2
Fighting       | 2 3 4 5 7 8 |  8.6
Conjurations   | 1 2 3 4 5 6 7 8 |  8.0
Spellcasting   | 3 5 8 9 |  9.0
Invocations    | 2 |  2.1
Armour         | 4 |  4.2
Dodging        | |  1.5
Stealth        | |  2.1
Transmutations | |  0.7

Action                   |  1- 3 |  4- 6 |  7- 9 | 10-12 || total
-------------------------+-------+-------+-------+-------++-------
Melee: Mace              |    66 |    92 |    33 |       ||   191
       Unarmed           |     2 |       |       |       ||     2
       Flail             |       |       |    23 |    20 ||    43
Throw: Stone             |       |     1 |       |       ||     1
 Cast: Sandblast         |    25 |     9 |    10 |    19 ||    63
       Stone Arrow       |     3 |    38 |   178 |   125 ||   344
Invok: Donate Gold       |       |     1 |       |       ||     1
  Use: Scroll            |       |     2 |     2 |     9 ||    13
       Potion            |       |       |       |     2 ||     2
 Stab: Sleeping          |     3 |       |       |     1 ||     4
  Eat: Chunk             |     2 |    10 |    19 |     5 ||    36
       Ration            |       |       |     3 |       ||     3
Armor: Robe              |    34 |    58 |    71 |       ||   163
       Leather armour    |       |       |       |    42 ||    42
       Ring mail         |       |       |       |    17 ||    17
Dodge: Dodged            |    39 |   105 |   112 |    49 ||   305
